AoeStats
← Blafro

Golden Pit

509887090Analyzed
1v1 RM · 3d ago on Sep 28, 2026· 46m 5s· 2 players
Game mode
Random Map
Map size
Tiny (2 player)
Population
200
Speed
Normal
Resources
Standard
Victory
Conquest
Starting age
Dark Age
Ending age
Imperial Age
RankedLock teamsTeams togetherTeam positionsShared explorationLock speedFull tech treeHidden civsTurbo modeCheats
Victory
Defeat
🇩🇪 Turks · Germany
1042
+14
🇨🇳 Magyars · China
1002
-14
Hyman
6:54 Loom
9:58 Feudal Age
11:24 Double-Bit Axe
11:21 Horse Collar
22:11 Castle Age
21:09 Gold Mining
21:36 Fletching
21:57 Bloodlines
22:34 Padded Archer Armor
23:12 Husbandry
23:52 Bodkin Arrow
24:14 Bow Saw
24:07 Heavy Plow
23:59 Town Watch
26:56 Leather Archer Armor
28:55 Scale Barding Armor
33:07 Wheelbarrow
37:47 Chain Barding Armor
41:53 Imperial Age
39:49 Hand Cart
39:35 Town Patrol
40:50 Light Cavalry
41:21 Elite Skirmisher
43:23 Ballistics
44:03 Chemistry
Blafro
2:45 Loom
9:50 Feudal Age
10:40 Double-Bit Axe
10:41 Horse Collar
20:25 Castle Age
19:04 Gold Mining
19:13 Stone Mining
20:10 Scale Mail Armor
20:18 Fletching
20:58 Bloodlines
21:36 Padded Archer Armor
23:16 Bow Saw
24:11 Leather Archer Armor
25:14 Bodkin Arrow
35:24 Imperial Age
33:50 Ballistics
33:41 Masonry
36:32 Conscription
36:37 Bracer
37:07 Ring Archer Armor
37:49 Parthian Tactics
40:58 Sipahi
43:41 Murder Holes
46:32 Ring Archer Armor
45:39 Heavy Cavalry Archer
Connection lost

Rejoining the realm…

Still unreachable

The connection could not be restored.

Session expired

The server has moved on; the page needs a fresh start.